 Dungeon Crawl Stone Soup version 0.17.1-3-g152610e (webtiles) character file.

77130 moxian the Geomancer (level 15, -3/89 HPs)
             Began as a Gargoyle Earth Elementalist on May 1, 2016.
             Was the Champion of Vehumet.
             Killed from afar by a frost giant (60 damage)
             ... with a bolt of cold
             ... in an ice cave.
             The game lasted 02:29:51 (25264 turns).

moxian the Geomancer (Gargoyle Earth Elementalist) Turns: 25264, Time: 02:29:52

Health: -3/89      AC: 22    Str: 11    XL:     15   Next: 55%
Magic:  15/31      EV: 15    Int: 26    God:    Vehumet [******]
Gold:   1603       SH:  0    Dex: 10    Spells: 7 memorised, 8 levels left

rFire  + . .     SeeInvis +     a - +4 quarterstaff (chaos)
rCold  . . .     Clarity  .     J - +2 robe {Archmagi}
rNeg   + . .     SustAt   .     (shield currently unavailable)
rPois  ∞         Gourm    .     A - +2 hat {Int+3}
rElec  +         Spirit   .     v - +0 cloak
rCorr  .         Warding  .     H - +1 pair of gloves {rF+}
rMut   .         Stasis   .     y - +1 pair of boots
MR     +....                    g - amulet of regeneration
Stlth  +++.......               t - ring of see invisible
                                b - ring of stealth

@: radiating poison, flying, somewhat resistant to hostile enchantments, fairly
stealthy
A: big wings, negative energy resistance 1, electricity resistance, unbreathing,
petrification resistance, rot immunity, AC +11
a: Stop Flying, Renounce Religion


You were in an ice cave.
You worshipped Vehumet.
Vehumet was exalted by your worship.
You were hungry.

You visited 3 branches of the dungeon, and saw 21 of its levels.
You also visited: Labyrinth, Sewer, Ice Cave and Volcano.

You collected 1603 gold pieces.

Inventory:

Hand Weapons
 a - a +4 quarterstaff of chaos (weapon)
 d - a +0 mace of holy wrath
 o - a +3 flail
 s - a cursed +0 club
Missiles
 q - 4 throwing nets (quivered)
 T - 13 javelins
Armour
 v - a +0 cloak (worn)
 y - a +1 pair of boots (worn)
 A - a +2 hat of intelligence (worn)
 H - a +1 pair of gloves of fire resistance (worn)
 J - a +2 robe of the Archmagi (worn)
Jewellery
 b - a ring of stealth (left hand)
 g - an amulet of regeneration (around neck)
 t - a ring of see invisible (right hand)
Wands
 p - a wand of fireball (6)
 w - a wand of invisibility (5)
 C - a wand of fireball (6)
 Q - a wand of paralysis (15)
 S - a wand of teleportation (7)
 Y - a wand of polymorph (2)
Scrolls
 e - 2 scrolls of summoning
 i - 15 scrolls of teleportation
 k - a scroll of fog
 m - a scroll of random uselessness {unknown}
 n - 2 scrolls of remove curse
 B - 2 scrolls of fear {unknown}
 E - 5 scrolls of blinking
 P - 2 scrolls of torment {unknown}
 X - a scroll of silence {unknown}
Potions
 f - a potion of berserk rage
 h - 4 potions of lignification
 l - 9 potions of curing
 r - 5 potions of brilliance
 u - 2 potions of resistance
 x - 3 potions of heal wounds
Miscellaneous
 G - a phial of floods
Comestibles
 c - 7 chunks of flesh
 j - 5 meat rations
 V - 8 royal jellies
 W - 32 fruits


   Skills:
 - Level 8.8 Fighting
 - Level 7.9 Dodging
 - Level 2.3 Stealth
 + Level 12.6 Spellcasting
 + Level 13.7 Conjurations
 - Level 5.0 Transmutations
 - Level 6.9 Fire Magic
 - Level 14.0 Earth Magic
 - Level 3.9 Poison Magic
 - Level 3.6 Evocations


You had 8 spell levels left.
You knew the following spells:

 Your Spells              Type           Power        Failure   Level  Hunger
a - Orb of Destruction    Conj           #######...   4%          7    ######.
b - Stone Arrow           Conj/Erth      ######       1%          3    None
c - Petrify               Trmt/Erth      #######.     1%          4    None
d - Lee's Rapid Deconstr  Erth           #######...   1%          5    ###....
e - Fireball              Conj/Fire      #######...   1%          5    ###....
f - Olgreb's Toxic Radia  Pois           ######..     2%          4    None
A - Passwall              Trmt/Erth      #######...   1%          3    None


Dungeon Overview and Level Annotations

Branches:
Dungeon (12/15)            Temple (1/1) D:5            Lair (8/8) D:8
 Shoals (0/4) Lair:3       Spider (0/4) Lair:3        Slime (0/6) Lair:7
    Orc: D:9-12

Altars:
Ashenzari
Cheibriados
Dithmenos
Elyvilon
Fedhas
Gozag
Kikubaaqudgha
Makhleb
Nemelex Xobeh
Okawaru
Qazlal
Ru
Sif Muna
Trog
Vehumet
Xom
Yredelemnul
Zin
The Shining One

Shops:
D:6 (

Portals:
Trove: D:10 (give +6 demon whip)

Annotations:
Lair:3 4 exclusions


Innate Abilities, Weirdness & Mutations

You are resistant to torment.
Your stone body is resilient (AC +11).
You are immune to poison.
Your large and strong wings let you fly indefinitely.
You resist negative energy.
You are resistant to electric shocks.
You can survive without breathing.
You are immune to petrification.
You are immune to rotting.


Message History

The frost giant looks even sicker.
The polar bear goes berserk!
Casting: Stone Arrow
Confirm with . or Enter, or press ? or * to list all spells.
Aiming: Fireball
Press: ? - help, Shift-Dir - straight line, f - polar bear
Aim: a polar bear (severely wounded, poisoned)
You feel a surge of power!
The fireball explodes!
The fireball engulfs the polar bear.
You kill the polar bear!
Vehumet accepts your kill.
You feel your power returning.
The fireball engulfs the frost giant.
The frost giant is moderately wounded.
The fireball engulfs the polar bear.
You kill the polar bear!
Vehumet accepts your kill.
You feel your power returning.
The frost giant gestures at you while chanting.
The bolt of cold hits you!
Ouch! That really hurt!
You die...

###.#####≈≈†######....#...###..⌠.
≈≈### ##≈≈≈#≈ ###....### ##...
#### #≈≈≈≈≈≈≈##..####### #..##
...### #≈≈≈≈≈≈≈##.#.####..####..#
.##..###≈≈≈≈≈≈≈≈≈≈####..##.#..###
..###..#≈≈≈≈≈≈≈≈####..#####.###
..##...##≈≈≈≈≈≈#....### ###
######..##≈≈≈###.#### ###.### ≈
#.@# #..## ##..# ###...# ##..C
#...### #††.. ..### #..... ###
..... # .... ....


You could see a frost giant.

Vanquished Creatures
  Gastronok (Lair:3)
  Maud (Lair:3)
  Erolcha (D:9)
  Fannar (D:11)
  Harold (Lair:2)
  A minotaur (Lab)
  7 hydras
  7 death yaks
  An unseen horror (D:10)
  A fire crab (Lair:8)
  2 hill giants (D:11)
  5 wizards (D:10)
  An orb spider (Lair:3)
  3 griffons
  An oklob plant (Lair:7)
  32 elephants
  A molten gargoyle (Volcano)
  2 ice statues
  8 black mambas
  A torpor snail (Lair:6)
  3 fire drakes
  13 spiny frogs
  9 komodo dragons
  A merfolk (Lair:3)
  2 spriggan druids (Lair:8)
  Prince Ribbit (D:5)
  24 polar bears
  12 blink frogs
  2 fire elementals (Volcano)
  7 redbacks (Lair:8)
  9 spriggans
  The ghost of Alipheese the Chopper, an amateur NaSk (D:3)
  31 yaks
  A deep elf fighter (D:8)
  7 hippogriffs
  A wyvern (Lair:4)
  3 basilisks
  A hungry ghost (D:10)
  39 wolves
  A soldier ant (D:8)
  15 water moccasins
  11 porcupines
  9 ice beasts
  A sky beast (D:6)
  6 black bears (Lair:8)
  7 ogres
  5 orc warriors
  4 wasps
  6 boggarts (D:10)
  14 crocodiles
  4 centaurs
  27 giant frogs
  2 big kobolds
  Blork the orc (D:4)
  A wyvern skeleton (D:6)
  2 scorpions (D:10)
  7 wights
  3 crimson imps
  5 hounds
  3 giant frog skeletons
  11 orc priests
  5 jellies
  10 orc wizards
  A centaur zombie (D:12)
  Crazy Yiuf (D:2)
  A quasit (D:10)
  A centaur skeleton (D:4)
  A killer bee zombie (D:9)
  2 worker ants
  22 sheep
  9 iguanas
  2 hound skeletons
  A worker ant zombie (D:6)
  Robin (D:4)
  11 adders
  4 gnolls (D:2)
  A river rat (shapeshifter) (D:4)
  43 river rats
  A shadow imp (D:8)
  2 oozes (D:1)
  6 worms
  6 giant geckos
  61 orcs
  20 bats
  10 giant cockroaches
  5 hobgoblins
  12 jackals
  21 kobolds
  8 quokkas
  2 ball pythons
  A giant cockroach zombie (D:6)
  6 giant newts
  19 goblins
  A quokka skeleton (D:5)
  22 rats
  A bush (Lair:8)
  3 fungi
  A plant (Lair:7)
714 creatures vanquished.

Vanquished Creatures (others)
  A polar bear (IceCv)
  A yak (IceCv)
  A sky beast (Lair:7)
  A bush (Lair:8)
  58 fungi
  25 plants
87 creatures vanquished.

Grand Total: 801 creatures vanquished

Notes
Turn   | Place    | Note
--------------------------------------------------------------
     0 | D:1      | moxian the Gargoyle Earth Elementalist began the quest for the Orb.
     0 | D:1      | Reached XP level 1. HP: 10/10 MP: 3/3
   202 | D:1      | Reached XP level 2. HP: 15/15 MP: 0/5
   527 | D:1      | Reached skill level 4 in Earth Magic
   569 | D:1      | Reached XP level 3. HP: 19/19 MP: 2/6
  1368 | D:2      | Found a faded altar to an unknown god.
  1369 | D:2      | Reached XP level 4. HP: 24/24 MP: 5/7
  1832 | D:2      | Reached skill level 5 in Earth Magic
  1832 | D:2      | Reached XP level 5. HP: 28/28 MP: 4/9
  1960 | D:2      | Learned a level 3 spell: Stone Arrow
  2323 | D:2      | Found a shadowy altar of Dithmenos.
  2614 | D:2      | Noticed Crazy Yiuf
  2624 | D:2      | Killed Crazy Yiuf
  2765 | D:3      | Noticed Alipheese's ghost (amateur NaSk)
  2882 | D:3      | Killed Alipheese's ghost
  2882 | D:3      | Reached skill level 6 in Earth Magic
  2882 | D:3      | Reached XP level 6. HP: 18/32 MP: 1/11
  3042 | D:3      | Found a glowing drain.
  3051 | Sewer    | Entered a sewer
  3146 | Sewer    | Reached XP level 7. HP: 36/36 MP: 12/12
  3173 | Sewer    | Found a white marble altar of Elyvilon.
  3260 | Sewer    | Learned a level 3 spell: Passwall
  3266 | Sewer    | Learned a level 5 spell: Lee's Rapid Deconstruction
  3473 | D:3      | Reached skill level 7 in Earth Magic
  3709 | D:3      | Found a basalt altar of Yredelemnul.
  3714 | D:3      | Found a shattered altar of Ashenzari.
  3999 | D:4      | Reached skill level 1 in Transmutations
  4067 | D:4      | Noticed Robin
  4097 | D:4      | Killed Robin
  4291 | D:4      | Reached skill level 1 in Fighting
  4312 | D:4      | Reached skill level 1 in Conjurations
  4399 | D:4      | Reached XP level 8. HP: 43/43 MP: 7/14
  4970 | D:4      | Noticed Blork the orc
  4980 | D:4      | Killed Blork the orc
  5074 | D:4      | Found a deep blue altar of Sif Muna.
  5074 | D:4      | Found a burning altar of Makhleb.
  5159 | D:4      | Reached skill level 8 in Earth Magic
  5191 | D:5      | Entered Level 5 of the Dungeon
  5209 | D:5      | Learned a level 4 spell: Petrify
  5251 | D:5      | Noticed Prince Ribbit
  5261 | D:5      | Killed Prince Ribbit
  5544 | D:5      | Found a staircase to the Ecumenical Temple.
  5551 | D:5      | You fall through a shaft for 3 floors!
  5585 | D:8      | Reached skill level 5 in Spellcasting
  5682 | D:6      | Reached skill level 9 in Earth Magic
  5682 | D:6      | Reached XP level 9. HP: 50/50 MP: 16/16
  5756 | Temple   | Entered the Ecumenical Temple
  6033 | D:5      | Found an opulent altar of Gozag.
  6306 | D:6      | Found a radiant altar of Vehumet.
  6316 | D:6      | Became a worshipper of Vehumet
  6416 | D:6      | Found Xexiket's Antique Weapon Shoppe.
  6791 | D:7      | Reached skill level 5 in Dodging
  6983 | D:7      | Noticed an ice statue
  6986 | D:7      | Killed an ice statue
  6986 | D:7      | Reached skill level 10 in Earth Magic
  7747 | D:8      | Reached * piety under Vehumet
  7747 | D:8      | Offered knowledge of Flame Tongue by Vehumet.
  7825 | D:8      | Found a staircase to the Lair.
  7831 | D:8      | Reached XP level 10. HP: 45/58 MP: 11/19
  8114 | D:8      | Reached skill level 5 in Fighting
  8149 | D:8      | Reached skill level 11 in Earth Magic
  8311 | D:8      | Offered knowledge of Magic Dart by Vehumet.
  8427 | D:9      | Reached ** piety under Vehumet
  8997 | D:9      | Noticed Erolcha
  9006 | D:9      | Killed Erolcha
  9507 | Lair:1   | Entered Level 1 of the Lair of Beasts
  9809 | Lair:1   | Noticed a five-headed hydra
  9844 | Lair:1   | Killed a five-headed hydra
  9844 | Lair:1   | Reached skill level 12 in Earth Magic
  9844 | Lair:1   | Reached XP level 11. HP: 63/65 MP: 13/21
 10052 | Lair:1   | Noticed a black mamba
 10063 | Lair:1   | Killed a black mamba
 10065 | Lair:1   | Offered knowledge of Ignite Poison by Vehumet.
 10422 | Lair:1   | Noticed a black mamba
 10426 | Lair:1   | Killed a black mamba
 10598 | Lair:2   | Noticed a spriggan rider
 10609 | Lair:2   | Killed a wasp
 10612 | Lair:2   | Killed a spriggan
 10612 | Lair:2   | Reached *** piety under Vehumet
 10663 | Lair:2   | Found a dark tunnel.
 10727 | Volcano  | Entered a volcano
 11121 | Lair:2   | Reached skill level 13 in Earth Magic
 11611 | Lair:2   | Noticed Harold
 11649 | Lair:2   | Killed Harold
 11649 | Lair:2   | Reached skill level 5 in Transmutations
 11672 | Lair:2   | Learned a level 5 spell: Fireball
 12081 | Lair:3   | Found a hole to the Spider Nest.
 12081 | Lair:3   | Noticed an orb spider
 12175 | Lair:3   | Offered knowledge of Mephitic Cloud by Vehumet.
 12179 | Lair:3   | Reached skill level 1 in Fire Magic
 12179 | Lair:3   | Reached XP level 12. HP: 72/72 MP: 9/23
 12180 | Lair:3   | Noticed Gastronok
 12221 | Lair:2   | Noticed a five-headed hydra
 12444 | Lair:2   | Killed a five-headed hydra
 12819 | Lair:3   | Noticed Maud
 13260 | Lair:4   | Reached skill level 5 in Conjurations
 14523 | Lair:5   | Reached **** piety under Vehumet
 15143 | Lair:6   | Reached skill level 5 in Fire Magic
 15156 | Lair:6   | Offered knowledge of Olgreb's Toxic Radiance by Vehumet.
 15884 | Lair:6   | Reached skill level 1 in Evocations
 16480 | Lair:6   | Noticed a seven-headed hydra
 16486 | Lair:6   | Killed a seven-headed hydra
 16654 | Lair:6   | Reached XP level 13. HP: 75/78 MP: 9/25
 16995 | Lair:6   | Learned a level 4 spell: Olgreb's Toxic Radiance
 17062 | Lair:7   | Reached skill level 1 in Poison Magic
 17660 | Lair:7   | Got a blackened rapier
 17661 | Lair:7   | Identified the cursed +1 rapier of the Stork {pierce, +Blink rPois rC+++ Int-4} (You found it on level 7 of the Lair of Beasts)
 17763 | Lair:7   | Found a staircase to the Slime Pits.
 17894 | Lair:7   | Reached ***** piety under Vehumet
 17894 | Lair:7   | Offered knowledge of Orb of Destruction by Vehumet.
 18221 | Lair:7   | Reached skill level 14 in Earth Magic
 18605 | Lair:8   | Entered Level 8 of the Lair of Beasts
 18819 | Lair:8   | Gained mutation: Your large and strong wings let you fly indefinitely. [Gargoyle growth]
 18819 | Lair:8   | Reached XP level 14. HP: 65/84 MP: 21/27
 18855 | Lair:8   | Reached skill level 10 in Spellcasting
 18875 | Lair:8   | Learned a level 7 spell: Orb of Destruction
 19979 | Lair:8   | Offered knowledge of Fulminant Prism by Vehumet.
 20651 | Lair:8   | Identified the Disquisition on Flamy Attacks
 20682 | Lair:8   | Reached skill level 10 in Conjurations
 21154 | Lair:3   | Killed Gastronok
 21322 | Lair:3   | Killed an orb spider
 21375 | Lair:3   | Noticed a death yak
 21379 | Lair:3   | Noticed a death yak
 21380 | Lair:3   | Noticed a death yak
 21381 | Lair:3   | Noticed a death yak
 21381 | Lair:3   | Noticed a death yak
 21388 | Lair:3   | Noticed a death yak
 21403 | Lair:3   | Killed a death yak
 21407 | Lair:3   | Killed a death yak
 21425 | Lair:3   | Killed a death yak
 21426 | Lair:3   | Killed a death yak
 21427 | Lair:3   | Killed a death yak
 21445 | Lair:2   | Killed a death yak
 21795 | Lair:3   | Killed Maud
 21795 | Lair:3   | Reached XP level 15. HP: 43/89 MP: 9/30
 21968 | Lair:3   | Found a staircase to the Shoals.
 22224 | D:10     | Entered Level 10 of the Dungeon
 22303 | D:10     | Found a portal to a secret trove of treasure.
 22496 | D:10     | Paralysed by a wizard for 3 turns
 22781 | D:10     | Got a warped turquoise ring
 22783 | D:10     | Identified the cursed ring "Ogeew" {+Fly Dex-6} (You found it on level 10 of the Dungeon)
 23296 | D:11     | Identified the Volume of Transmigration and Stolen Souls
 23308 | D:11     | Found a labyrinth entrance.
 23364 | Lab      | Entered a labyrinth
 23786 | Lab      | Identified a +2 rod of inaccuracy (4/10) (You took it off a minotaur in a labyrinth)
 23807 | D:11     | Identified a +1 rod of destruction (13/13) (You found it in a labyrinth)
 24123 | D:11     | Noticed Fannar
 24129 | D:11     | Killed Fannar
 24597 | D:12     | Found a frozen archway.
 24608 | D:12     | Found a bloodstained altar of Trog.
 24713 | IceCv    | Entered an ice cave
 24928 | IceCv    | Reached ****** piety under Vehumet
 25256 | IceCv    | Noticed a frost giant
 25264 | IceCv    | Killed from afar by a frost giant

Action                   |  1- 3 |  4- 6 |  7- 9 | 10-12 | 13-15 || total
-------------------------+-------+-------+-------+-------+-------++-------
Melee: Unarmed           |    46 |     3 |       |       |       ||    49
       Quarterstaff      |       |    58 |   314 |   143 |   333 ||   848
 Cast: Sandblast         |    55 |    79 |     5 |     1 |       ||   140
       Stone Arrow       |       |     8 |    48 |   277 |   238 ||   571
       Lee's Rapid Decon |       |       |     9 |    23 |    21 ||    53
       Passwall          |       |       |     1 |       |     3 ||     4
       Fireball          |       |       |       |     8 |    53 ||    61
       Petrify           |       |       |       |     5 |       ||     5
       Olgreb's Toxic Ra |       |       |       |       |    79 ||    79
       Orb of Destructio |       |       |       |       |     5 ||     5
 Abil: Fly               |       |       |       |       |     2 ||     2
       Stop Flying       |       |       |       |       |     1 ||     1
Evoke: Wand              |       |       |       |     6 |       ||     6
  Use: Scroll            |       |     5 |     1 |    13 |    10 ||    29
       Potion            |       |     1 |       |       |     1 ||     2
 Stab: Sleeping          |       |     2 |     4 |     3 |       ||     9
       Paralysed         |       |     1 |     3 |       |     6 ||    10
       Petrified         |       |       |       |     1 |       ||     1
       Confused          |       |       |       |       |     2 ||     2
  Eat: Chunk             |     2 |     6 |    19 |    30 |    38 ||    95
       Bread ration      |       |       |     1 |       |       ||     1
       Pizza             |       |       |       |     2 |     2 ||     4
       Beef jerky        |       |       |       |     3 |     1 ||     4
       Fruit             |       |       |       |       |     1 ||     1
       Royal jelly       |       |       |       |       |     1 ||     1
